 Dungeon Crawl Stone Soup version 0.28.0-43-g3370ac3207 (webtiles) character file.

Game seed: 6133274568160767854

582 terff the Cutter (level 7, -9/51 HPs)
             Began as a Demonspawn Gladiator on Mar 25, 2022.
             Killed by divine providence
             ... invoked by an orc priest
              (15 damage)
             ... on level 5 of the Dungeon.
             The game lasted 00:09:51 (3722 turns).

terff the Cutter (Demonspawn Gladiator)             Turns: 3722, Time: 00:09:51

Health: -9/51      AC:  6    Str: 16    XL:     7   Next: 14%
Magic:  7/7        EV: 14    Int: 10    God:
Gold:   281        SH:  0    Dex: 14    Spells: 6/6 levels left

rFire   . . .      SeeInvis +   f - +2 short sword (speed)
rCold   + . .      Faith    .   (no shield)
rNeg    . . .      Spirit   .   l - +0 ring mail {rC+}
rPois   .          Reflect  .   c - +0 helmet
rElec   .          Harm     .   (no cloak)
rCorr   .          Rampage  .   (no gloves)
Will    .....                   (no boots)
Stlth   +.........              b - amulet of regeneration
HPRegen 0.97/turn               h - ring of see invisible
MPRegen 0.10/turn               (no ring)

@: no status effects
A: repulsion field 1, spiny 2, weakness stinger 1
a: no special abilities


You were on level 5 of the Dungeon.
You visited 1 branch of the dungeon, and saw 5 of its levels.
You also visited: Ossuary.

You collected 281 gold pieces.

Inventory:

Hand Weapons
 a - a +0 long sword
 f - a +2 short sword of speed (weapon)
Missiles
 d - 3 throwing nets (quivered)
Armour
 c - a +0 helmet (worn)
 l - a +0 ring mail of cold resistance (worn)
Jewellery
 b - an amulet of regeneration (around neck)
 e - an amulet of reflection
 h - a ring of see invisible (left hand)
Wands
 o - a wand of flame (17)
Scrolls
 j - a scroll of enchant weapon
 k - a scroll of magic mapping
 p - a scroll of fog {unknown}
 q - a scroll of blinking
 r - 5 scrolls of teleportation
 x - a scroll of noise
 z - a scroll of brand weapon {unknown}
 C - a scroll of immolation
Potions
 g - 2 potions of invisibility
 i - 2 potions of ambrosia
 m - a potion of curing {unknown}
 n - a potion of brilliance {unknown}
 s - 2 potions of haste
 t - 10 potions of degeneration
 u - a potion of lignification {unknown}
 v - a potion of heal wounds {unknown}
 w - 2 potions of attraction {unknown}
 A - a potion of flight {unknown}
 B - a potion of mutation {unknown}


   Skills:
 + Level 2.9 Fighting
 + Level 4.4(4.9) Short Blades
 + Level 3.2(4.3) Long Blades
 - Level 1.7 Throwing
 + Level 3.0 Armour
 + Level 4.0 Dodging
 + Level 0.1 Stealth


You had 6 spell levels left.
You didn't know any spells.
Your spell library contained the following spells:

 Spells                   Type           Power      Damage    Failure   Level
 Magic Dart               Conj           0%         1d3       56%         1
 Shock                    Conj/Air       0%         1d3       56%         1
 Searing Ray              Conj           0%         2d4       71%         2
 Call Canine Familiar     Summ           0%         N/A       91%         3
 Portal Projectile        Hex/Tloc       0%         N/A       91%         3
 Swiftness                Air            0%         N/A       91%         3
 Airstrike                Air            0%         N/A       100%        4
 Fulminant Prism          Conj/Hex       0%         3d6       100%        4
 Leda's Liquefaction      Hex/Erth       0%         N/A       100%        4
 Petrify                  Tmut/Erth      0%         N/A       100%        4
 Metabolic Englaciation   Hex/Ice        0%         N/A       100%        5
 Statue Form              Tmut/Erth      0%         N/A       100%        6


Dungeon Overview and Level Annotations

Branches:
Dungeon (5/15)            Ossuary (visited)
 Temple: D:4-7

Altars:


Innate Abilities, Weirdness & Mutations

You are surrounded by a mild repulsion field. (EV +2)
You are mostly covered in sharp spines.
You have a small tail.


Message History

Your scorpion dissolves into shadows!
The orc priest mumbles some strange prayers to Beogh against you.
Beogh smites you! The orc hits you with a +0 whip.
You hit the orc. You tail-slap the orc.
You kill the orc!
The orc priest hits you but does no damage.
The orc priest invokes the aid of Beogh against you.
Beogh smites you! The orc priest barely misses you.
Things that are here:
a +0 whip; an orc corpse You barely miss the orc priest.
Your tail-slap misses the orc priest.
The orc priest invokes the aid of Beogh against you.
Beogh smites you!
* * * LOW HITPOINT WARNING * * *
You hit the orc priest.
The orc priest is lightly wounded.
The orc priest barely misses you.
You hit the orc priest.
The orc priest is moderately wounded.
You closely miss the orc priest.
The orc priest is moderately wounded.
The orc priest completely misses you.
You hit the orc priest. You tail-slap the orc priest.
The orc priest is almost dead.
The orc priest hits you with a +0 club.
* * * LOW HITPOINT WARNING * * *
You hit the orc priest.
You kill the orc priest!
The orc priest is struck by your spines.
The orc priest hits you with a +0 whip.
* * * LOW HITPOINT WARNING * * *
You barely miss the orc priest.
Your tail-slap misses the orc priest.
The orc priest is lightly wounded.
You hit the orc priest but do no damage.
Your tail-slap misses the orc priest.
The orc priest is lightly wounded.
The orc priest invokes the aid of Beogh against you.
Beogh smites you!
You die...

.....#.# #.#####.# # .....#.#
#.#.....................
....##.###....###.##.............
....##....)......................
....#######....###.#...<.........
....##..........##.#.............
######..........##.#.............
####..........##...............
..............@o...............
.......)......)...............?
.......)))...........#...#.....
..##....)............##..#..##.
#..........#..............#
.............#......#####.##..
.............#......# .....
......####..........># .## .
...... ########


You could see an orc priest.

Vanquished Creatures
  An ogre (D:4)
  A scorpion (D:5)
  A human zombie (Ossuary)
  3 orc priests
  2 centaur zombies (Ossuary)
  Jessica (D:3)
  3 orc wizards
  2 mummies (Ossuary)
  A gnoll (D:1)
  2 adders (D:2)
  2 adder skeletons (D:4)
  A worm (D:2)
  4 orcs
  4 bats
  11 endoplasms
  4 giant cockroaches
  7 goblins
  6 hobgoblins
  3 jackals (D:4)
  9 kobolds
  4 quokkas
  4 ball pythons
  3 frilled lizards
  A gnoll zombie (Ossuary)
  A goblin zombie (Ossuary)
  A hobgoblin zombie (Ossuary)
  A kobold zombie (Ossuary)
  An orc zombie (Ossuary)
  8 rats
92 creatures vanquished.

Vanquished Creatures (collateral kills)
  2 orcs (D:5)
2 creatures vanquished.

Grand Total: 94 creatures vanquished

Notes
Turn   | Place    | Note
-------+----------+-------------------------------------------
     0 | D:1      | terff the Demonspawn Gladiator began the quest for the Orb.
     0 | D:1      | Reached XP level 1. HP: 16/16 MP: 1/1
   115 | D:1      | Found a faded altar of an unknown god.
   199 | D:1      | Gained mutation: You are surrounded by a mild repulsion
                  | field. (EV +2) [demonic ancestry]
   199 | D:1      | Reached XP level 2. HP: 22/22 MP: 2/2
   530 | D:1      | Reached XP level 3. HP: 20/27 MP: 3/3
  1848 | D:2      | Reached skill level 1 in Short Blades
  1985 | D:2      | Reached skill level 1 in Armour
  1985 | D:2      | Gained mutation: You are partially covered in sharp spines.
                  | [demonic ancestry]
  1985 | D:2      | Reached XP level 4. HP: 27/34 MP: 4/4
  2362 | D:3      | Noticed Jessica
  2379 | D:3      | Killed Jessica
  2712 | D:4      | Noticed an ogre
  2723 | D:4      | Killed an ogre
  2724 | D:4      | Gained mutation: You are mostly covered in sharp spines.
                  | [demonic ancestry]
  2724 | D:4      | Reached XP level 5. HP: 39/39 MP: 5/5
  2842 | D:4      | Found a sand-covered staircase.
  2852 | Ossuary  | Entered an ossuary
  2914 | Ossuary  | Reached XP level 6. HP: 44/46 MP: 6/6
  3594 | D:5      | Entered Level 5 of the Dungeon
  3661 | D:5      | Gained mutation: You have a small tail. [demonic ancestry]
  3661 | D:5      | Reached XP level 7. HP: 47/51 MP: 7/7
  3722 | D:5      | Killed from afar by an orc priest

Illustrated notes

Levels and vault maps discovered:
D:1:      mrwooster_arrival_arrow, layout_basic, ebering_ecumenical_altar_box,
          serial_rivers, chequers_serial_rivers_marsh,
          chequers_serial_rivers_micro_b, chequers_serial_rivers_room_a,
          chequers_serial_rivers_micro_d
D:2:      minmay_door_path, layout_basic, minivault_5
D:3:      layout_basic, kennysheep_generic_room_12, uniq_jessica
D:4:      layout_loops_ring, nicolae_ossuary_entry_ruins,
          hangedman_abyss_or_decor_slice, kennysheep_generic_room_14
D:5:      layout_basic, serial_shops, shop, nicolae_shop_gadgets,
          uniq_blork_the_orc

Skill      XL: |  1  2  3  4  5  6  7 |
---------------+----------------------+-----
Dodging        | 3 4 |  4.0
Long Blades    | 3 |  3.2
Short Blades   | 1 2 3 4 |  4.4
Armour         | 1 2 3 |  3.0
Fighting       | |  2.9
Throwing       | |  1.7
Stealth        | |  0.1

Action                   |  1- 3 |  4- 6 |  7- 9 || total
-------------------------+-------+-------+-------++-------
Melee: Long sword        |    13 |       |       ||    13
       Short sword       |   135 |   164 |    20 ||   319
       Punch             |       |     4 |       ||     4
       Tailslap          |       |       |     3 ||     3
  Use: Scroll            |     3 |     7 |       ||    10
Armor: Leather armour    |    10 |       |       ||    10
       Scale mail        |    13 |       |       ||    13
       Ring mail         |    10 |    26 |     3 ||    39
Dodge: Dodged            |    83 |    65 |     7 ||   155
